 Dungeon Crawl Stone Soup version 0.27-a0-96-gb51a1d6fd6 (webtiles) character file.

Game seed: 14170508441467417183

233 Essalna the Grave Robber (level 5, -1/29 HPs)
             Began as a Deep Elf Necromancer on Jan 20, 2021.
             Was a Follower of Vehumet.
             Killed by divine providence
             ... invoked by an orc priest
              (13 damage)
             ... on level 4 of the Dungeon.
             The game lasted 00:11:50 (4862 turns).

Essalna the Grave Robber (Deep Elf Necromancer)     Turns: 4862, Time: 00:11:51

Health: -1/29      AC:  4    Str:  5    XL:     5   Next: 74%
Magic:  5/14       EV: 13    Int: 21    God:    Vehumet [*.....]
Gold:   222        SH:  0    Dex: 15    Spells: 5/14 levels left

rFire    . . .     SeeInvis .   i - +3 short sword (protect)
rCold    . . .     Faith    .   (no shield)
rNeg     . . .     Spirit   .   l - +0 robe {Will+}
rPois    .         Reflect  .   j - +1 helmet
rElec    .         Harm     .   (no cloak)
rCorr    .         Rampage  .   (no gloves)
Will     +....                  (no boots)
Stlth    +.........             (no amulet)
HPRegen  0.09/turn              e - ring of attention (curse)
MPRegen  0.14/turn              (no ring)

@: very slightly contaminated
A: no striking features
a: Renounce Religion


You were on level 4 of the Dungeon.
You worshipped Vehumet.
Vehumet was aware of your devotion.
You visited 1 branch of the dungeon, and saw 4 of its levels.

You collected 222 gold pieces.

Inventory:

Hand Weapons
 b - a +0 dagger
 c - a +2 short sword of draining
 i - a +3 short sword of protection (weapon)
 q - a +2 dagger of venom
Armour
 a - a +0 robe
 j - a +1 helmet (worn)
 l - a +0 robe of willpower (worn)
Jewellery
 e - a cursed ring of attention (left hand)
Scrolls
 f - 2 scrolls of fog {unknown}
 g - 2 scrolls of identify {unknown}
 h - 4 scrolls of remove curse {unknown}
 m - a scroll of random uselessness {unknown}
 o - a scroll of fear {unknown}
Potions
 d - 2 potions of attraction {unknown}
 k - a potion of flight {unknown}
 n - a potion of invisibility {unknown}
 p - a potion of haste {unknown}
 r - a potion of resistance {unknown}
 s - a potion of lignification {unknown}
 t - 2 potions of curing {unknown}


   Skills:
 + Level 1.1 Fighting
 + Level 1.0 Armour
 + Level 3.1 Dodging
 - Level 2.4 Stealth
 + Level 5.4 Spellcasting
 + Level 6.4 Necromancy


You had 5 spell levels left.
You knew the following spells:

 Your Spells              Type           Power        Failure   Level
a - Pain                  Necr           100%         1%          1
b - Animate Skeleton      Necr           64%          1%          1
c - Vampiric Draining     Necr           16%          2%          3
d - Animate Dead          Necr           16%          8%          4

Your spell library contained the following spells:

 Spells                   Type           Power        Failure   Level
 Sandblast                Erth           10%          11%         1
 Agony                    Necr           32%          21%         5


Dungeon Overview and Level Annotations

Branches:
Dungeon (4/15)
 Temple: D:4-7

Altars:
Ashenzari
Makhleb
Nemelex Xobeh
Uskayaw
Vehumet
Wu Jian
Zin

Annotations:
D:3 Grinder


Message History

Casting: Vampiric Draining (dangerous; 2% risk of failure)
Confirm with . or Enter, or press ? or * to list all spells.
Aiming: Vampiric Draining (dangerous; 2% risk of failure)
Press: ? - help, Shift-Dir - straight line, f - orc priest
Aim: an orc priest, wielding a +2 flail of holy wrath and wearing a +0 scale mail The orc priest is heavily wounded.
You feel life coursing into your body.
The orc priest hits you with a +2 flail of holy wrath!
Casting: Vampiric Draining (dangerous; 2% risk of failure)
Confirm with . or Enter, or press ? or * to list all spells.
Aiming: Vampiric Draining (dangerous; 2% risk of failure)
Press: ? - help, Shift-Dir - straight line, f/p - orc priest
Aim: an orc priest, wielding a +2 flail of holy wrath and wearing a +0 scale mail (heavily wounded)
You miscast Vampiric Draining.
You are very lightly contaminated with residual magic.
Nothing appears to happen.
You feel sick.
You are no longer poisoned.
The orc priest calls down the wrath of Beogh upon you.
Beogh smites you!
You die...

..#.. # ... . <#
#o######.###.# .##
#............# ....
#......##..#.#
....####.#######....#
###......#........#..
....#.#o##.###..(##.#
....#...@......#†##.#
............####..#.#
....#......## ##.#.#####
...........# ##.........
#####......####...†<....#
....................†..#
###############........#
#........# #........#


You could see an orc priest.

Vanquished Creatures
  An orc wizard (D:3)
  2 worker ants (D:4)
  Robin (D:2)
  4 adders
  An ooze (D:1)
  4 worms
  A leopard gecko (D:4)
  6 orcs (D:3)
  7 bats
  4 giant cockroaches
  17 goblins
  14 hobgoblins
  3 jackals (D:3)
  2 quokkas
  4 frilled lizards
  5 kobolds
  15 rats
91 creatures vanquished.

Notes
Turn   | Place    | Note
-------+----------+-------------------------------------------
     0 | D:1      | Essalna the Deep Elf Necromancer began the quest for the
                  | Orb.
     0 | D:1      | Reached XP level 1. HP: 10/10 MP: 6/6
   308 | D:1      | Reached skill level 5 in Necromancy
   358 | D:1      | Reached XP level 2. HP: 11/15 MP: 3/8
  1422 | D:2      | Found a burning altar of Makhleb.
  1429 | D:2      | Found a radiant altar of Vehumet.
  1436 | D:2      | Became a worshipper of Vehumet
  1470 | D:2      | Reached XP level 3. HP: 9/19 MP: 0/10
  1472 | D:2      | Learned a level 1 spell: Animate Skeleton
  1476 | D:2      | Learned a level 3 spell: Vampiric Draining
  1639 | D:2      | Found a hide-covered altar of Uskayaw.
  1908 | D:2      | Noticed Robin
  1926 | D:2      | Killed Robin
  2344 | D:2      | Reached XP level 4. HP: 14/24 MP: 8/12
  2484 | D:2      | Found a broken altar of Ashenzari.
  2614 | D:2      | Reached skill level 6 in Necromancy
  2666 | D:2      | Learned a level 4 spell: Animate Dead
  2743 | D:2      | Found an ornate altar of the Wu Jian Council.
  2772 | D:2      | Found a glowing silver altar of Zin.
  2796 | D:2      | You fall into a shaft and drop 1 floor!
  2875 | D:2      | Reached * piety under Vehumet
  2875 | D:2      | Offered knowledge of Sandblast by Vehumet.
  2882 | D:2      | Reached skill level 5 in Spellcasting
  2946 | D:2      | Found a sparkling altar of Nemelex Xobeh.
  3585 | D:3      | Reached XP level 5. HP: 26/28 MP: 12/14
  4136 | D:3      | Noticed Grinder
  4498 | D:4      | Noticed an ogre
  4708 | D:4      | Reached skill level 1 in Fighting
  4842 | D:4      | Reached skill level 1 in Armour
  4862 | D:4      | Killed from afar by an orc priest

Illustrated notes

Levels and vault maps discovered:
D:1:      erik_arrival_triangle_large, layout_loops_corners, minmay_domino_2
D:2:      layout_rooms, amethyst_overflow_temple_binary,
          eat_drink_and_be_merry_uskayaw, zin_academy,
          ashenzari_conservatory_becter, lemuel_crystal_altar,
          nemelex_xobeh_ov_fountains_minmay, uniq_robin
D:3:      layout_loops_cross, uniq_grinder
D:4:      layout_rooms, nicolae_overflow_crystal_walls

Skill      XL: |  1  2  3  4  5 |
---------------+----------------+-----
Necromancy     | 5 6 |  6.4
Spellcasting   | 4 5 |  5.4
Fighting       | 1 |  1.1
Dodging        | 3 |  3.1
Armour         | 1 |  1.0
Stealth        | |  2.4

Action                   |  1- 3 |  4- 6 || total
-------------------------+-------+-------++-------
Melee: Short sword       |    28 |    17 ||    45
 Cast: Pain              |    51 |    83 ||   134
       Vampiric Draining |     2 |     9 ||    11
       Animate Dead      |       |     1 ||     1
 Stab: Sleeping          |     1 |       ||     1
Armor: Robe              |    10 |    11 ||    21
Dodge: Dodged            |    30 |    19 ||    49

Table legend: (Time is in decaauts)
 A = Elapsed time spent in this place.
 B = Non-inter-level travel time spent in this place.
 C = Inter-level travel time spent in this place.
 D = Time resting spent in this place.
 E = Time spent auto-exploring this place.
 F = Levels seen in this place.
 G = Mean time per level.
                   A        B        C        D        E       F      G
               +--------+--------+--------+--------+--------+-----+--------+
         Total |   4871 |   4731 |    140 |    846 |   3329 |   4 | 1217.8 |
       Dungeon |   4871 |   4731 |    140 |    846 |   3329 |   4 | 1217.8 |
               +--------+--------+--------+--------+--------+-----+--------+

Top non-repeatable levels by time:
     D:1: 1942 daAuts
     D:3: 1355 daAuts
     D:2: 1199 daAuts
     D:4: 374 daAuts
